Map: Tours du crépuscule

Players

zidar

  • Race: Zerg Zerg
  • League: Silver
  • Spawn Location: 1:00

TheBeast - Winner!

  • Race: Terran Terran
  • League: Silver
  • Spawn Location: 7:00

VOD

Have the link to the VOD?

Description

Time

  • Played on: Jan. 20, 2016, 2:10 p.m.
  • Length: 16:40
Show
View Real Time Build Order
Export as new Build Order

zidar Zerg 

Build Orders: Hatch First 

Get SALT Encoding   

  12  0:02  Drone  
  13  0:12  Overlord  
  13  0:17  Drone  
  14  0:30  Drone x2  
  14  0:34  Drone  
  17  0:55  Hatchery  
  16  0:57  Drone  
  16  1:02  Extractor  
  16  1:03  Drone  
  17  1:23  Spawning Pool, Drone  
  17  1:37  Drone  
  18  1:40  Drone  
  18  1:41  Overlord  
  19  1:52  Drone  
  20  2:02  Drone  
  21  2:10  Queen x2  
  24  2:19  Metabolic Boost  
  24  2:26  Extractor  
  24  2:27  Drone  
  24  2:29  Drone  
  25  2:32  Drone  
  26  2:42  Zergling x2  
  26  2:43  Zergling x4  
  29  3:02  Roach Warren  
  28  3:10  Drone x5  
  32  3:35  Drone x3  
  32  3:39  Overlord  
  32  3:40  Overlord  
  35  4:01  Hatchery  
  34  4:07  Spore Crawler  
  33  4:11  Spore Crawler  
  33  4:16  Drone x11  
  43  4:30  Evolution Chamber  
  42  4:32  Evolution Chamber  
  41  4:40  Overlord x3  
  41  4:51  Extractor x2  
  39  4:52  Queen  
  39  4:55  Queen  
  39  4:58  Zerg Ground Armor Level 1  
  43  5:01  Zerg Melee Weapons Level 1  
  43  5:07  Roach x2  
  45  5:09  Roach  
  49  5:37  Spore Crawler  
  48  5:50  Lair  
  48  5:53  Pneumatized Carapace  
  48  6:22  Ravager  
  48  6:23  Ravager x2  
  51  6:42  Drone  
  51  6:43  Drone x3  
  51  6:45  Drone x6  
  61  6:57  Spire  
  61  7:01  Roach x6  
  72  7:05  Zergling x2  
  73  7:22  Overlord x2  
  73  7:23  Overlord x6  
  73  7:24  Overlord x3  
  68  7:47  Queen  
  68  7:50  Zerg Ground Armor Level 2  
  70  7:51  Zerg Melee Weapons Level 2  
  70  7:57  Glial Reconstitution, Infestation Pit  
  69  8:01  Roach x7  
  69  8:02  Roach x2  
  69  8:04  Zergling x6  
  90  8:07  Zergling x2  
  91  8:14  Zerg Flyer Weapons Level 1  
  91  8:24  Burrow  
  91  8:42  Hatchery  
  90  8:53  Drone x3  
  93  8:59  Extractor  
  93  9:01  Extractor, Corruptor  
  93  9:02  Corruptor x2  
  93  9:03  Corruptor x2  
  101  9:18  Ravager x2  
  101  9:19  Ravager x2  
  105  9:24  Zergling x4  
  105  9:25  Zergling x14  
  114  9:57  Zergling x4  
  114  9:59  Zergling x2  
  117  10:00  Zergling x14  
  117  10:01  Roach x4  
  106  11:41  Roach  
  106  11:42  Roach x8  
  106  11:43  Zergling x2  
  106  11:44  Zergling x20  
  133  12:06  Corruptor  
  133  12:07  Corruptor x3  
  133  12:08  Corruptor x2  
  145  12:20  Hive  
  145  12:37  Ravager x2  
  145  12:38  Ravager x2  
  145  12:39  Ravager  
  145  12:40  Ravager, Hatchery  
  145  13:01  Zergling x16  
  67  14:12  Roach x8  
  67  14:13  Roach x12  
  107  14:50  Adrenal Glands  
  107  15:00  Ravager x3  
  107  15:01  Ravager x2  
  107  15:02  Ravager  
  113  15:10  Roach  
  113  15:11  Roach x11  
  113  15:12  Zergling x2  
  113  15:13  Zergling x20  
  148  15:16  Overlord x3  
  148  15:17  Overlord  
  148  15:41  Zergling x6  
  148  15:42  Zergling x14  
Show
View Real Time Build Order
Export as new Build Order

TheBeast Terran - Winner!

Build Orders:  

Get SALT Encoding   

  12  0:01  SCV  
  13  0:13  SCV  
  14  0:21  Supply Depot  
  14  0:26  SCV  
  15  0:43  SCV  
  15  0:45  Barracks  
  16  0:53  Supply Depot  
  16  0:55  SCV  
  17  1:05  Supply Depot  
  17  1:07  SCV  
  18  1:14  Refinery  
  18  1:19  SCV  
  19  1:31  SCV  
  20  1:42  Refinery  
  20  1:44  Marine  
  21  1:48  Orbital Command  
  21  2:06  Marine  
  22  2:17  SCV  
  22  2:22  Command Center  
  23  2:25  Factory  
  23  2:34  SCV  
  24  2:40  Marine  
  25  2:48  SCV  
  25  2:49  Barracks  
  26  2:58  Marine  
  26  3:00  SCV  
  28  3:09  Factory Tech Lab  
  28  3:13  SCV, Starport  
  27  3:29  Barracks Reactor  
  27  3:35  Refinery  
  27  3:37  SCV  
  28  3:44  SCV  
  29  3:49  SCV  
  29  3:50  Siege Tank  
  33  3:56  Barracks Tech Lab, SCV  
  33  4:01  SCV  
  35  4:06  Engineering Bay  
  35  4:08  SCV  
  36  4:13  SCV  
  36  4:14  Barracks  
  36  4:15  Starport Reactor  
  36  4:17  Stimpack  
  37  4:19  Marauder  
  37  4:20  SCV  
  40  4:24  Marine x2  
  40  4:25  SCV  
  43  4:37  SCV  
  44  4:40  Missile Turret  
  44  4:41  SCV  
  45  4:49  SCV  
  45  4:50  Siege Tank  
  49  4:53  Marine x3, SCV  
  53  5:01  SCV  
  54  5:17  Supply Depot  
  54  5:20  Supply Depot  
  54  5:21  Barracks Reactor, Supply Depot  
  54  5:23  Supply Depot  
  54  5:24  Supply Depot  
  54  5:25  Terran Infantry Weapons Level 1  
  54  5:39  Marine, SCV x2, Medivac x2  
  54  5:41  Armory  
  61  5:43  Supply Depot  
  61  5:48  Engineering Bay  
  61  5:50  Marine  
  61  5:51  Marine, SCV  
  61  5:57  Marine  
  64  6:01  Missile Turret, SCV  
  64  6:03  Missile Turret, SCV  
  67  6:10  Missile Turret  
  67  6:13  SCV  
  67  6:16  Marine x3  
  67  6:17  Combat Shield  
  71  6:22  Terran Infantry Armor Level 1  
  71  6:25  SCV  
  71  6:29  Thor  
  78  6:37  SCV  
  78  6:39  Marine x4, Marauder  
  85  6:41  SCV  
  86  6:57  Marine x2  
  86  6:58  Marine x2  
  86  6:59  SCV  
  86  7:00  Marauder  
  93  7:02  Terran Vehicle Weapons Level 1  
  93  7:15  Marine x2  
  93  7:21  Command Center  
  95  7:40  Liberator x2  
  95  8:01  Marine x2, Widow Mine  
  100  8:07  Marauder  
  100  8:11  Marine  
  101  8:15  Marine  
  101  8:19  Marine, Terran Infantry Weapons Level 2  
  102  8:32  Marine x2, SCV x2, Siege Tank  
  109  8:35  Supply Depot  
  109  8:36  Supply Depot  
  109  8:42  Liberator, Supply Depot  
  109  8:43  Supply Depot x2  
  109  8:49  Planetary Fortress  
  109  8:57  Terran Vehicle And Ship Armor Level 1  
  112  9:06  Liberator  
  112  9:21  Siege Tank  
  118  9:45  Marine x5  
  123  9:53  Siege Tank  
  126  10:02  Marine  
  126  10:03  Marine x4  
  131  10:20  Marine x2  
  131  10:21  Marine x3  
  107  10:38  Marine x3  
  107  10:39  Marine x2  
  105  10:56  Marine x4  
  105  10:57  Marine, Viking x2  
  109  11:00  Terran Ship Weapons Level 1  
  111  11:14  Marine  
  111  11:18  Marine x4  
  111  11:22  Thor  
  111  11:24  Liberator  
  121  11:27  Terran Infantry Weapons Level 3, Viking  
  121  11:32  Marine  
  121  11:36  Marine x4  
  125  11:49  Marine  
  125  11:54  Marine x3  
  126  12:05  Thor  
  132  12:17  Terran Infantry Armor Level 2  
  132  12:25  Refinery  
  132  12:27  Refinery  
  124  13:01  Marine x4, Marauder  
  124  13:04  Siege Tank  
  133  13:07  Terran Vehicle Weapons Level 2  
  133  13:19  Marine x4, Medivac  
  139  13:22  Marauder  
  126  13:37  Marine x4  
  126  13:43  Marauder  
  123  13:54  Marine  
  123  13:55  Marine x2, Reaper  
  114  14:02  Missile Turret  
  101  14:05  Marauder  
  100  14:12  Marine  
  100  14:13  Marine x2  
  103  14:24  Hi-Sec Auto Tracking  
  103  14:26  Marauder  
  103  14:27  Marine  
  103  14:30  Marine x2, Siege Tank  
  103  14:31  Marine  
  112  14:33  Neosteel Armor  
  112  14:44  Marine  
  113  14:47  Marauder  
  113  14:48  Marine x3  
  113  14:50  Liberator  
  113  14:51  Liberator  
  118  15:02  Marine  
  118  15:06  Marine x3  
  122  15:09  Marauder  
  130  15:20  Marine  
  131  15:36  Siege Tank  
  134  15:51  Marauder  
  134  15:52  Marine x4  
  140  16:09  Marine  
  140  16:10  Marine x3  
  128  16:13  Marauder  
Tags
 
Add a new tag
Caveats
  • Supply blocks, unpowered buildings, or Contaminate may cause inaccurate times.
  • Supply counts are checked every 10 seconds.